 Dungeon Crawl Stone Soup version 0.28.0 (webtiles) character file.

Game seed: 3544848956104294564

52555 SnakkuSnakku7 the Slinger (level 14, -6/84 HPs)
             Began as a Deep Elf Artificer on Feb 16, 2022.
             Was the Champion of Nemelex Xobeh.
             Mangled by an enormous slime creature (58 damage)
             ... on level 11 of the Dungeon on Feb 17, 2022.
             The game lasted 00:40:13 (22174 turns).

SnakkuSnakku7 the Slinger (Deep Elf Artificer)     Turns: 22174, Time: 00:40:14

Health: -6/84      AC: 26    Str: 19    XL:     14   Next: 27%
Magic:  25/25      EV: 13    Int: 14    God:    Nemelex Xobeh [******]
Gold:   1413       SH:  0    Dex: 18    Spells: 13/13 levels left

rFire   . . .      SeeInvis .   a - +7 fustibalus (chaos)
rCold   . . .      Faith    .   (no shield)
rNeg    . . .      Spirit   .   F - +4 chain mail of the Armadillo {rPois Int-4 Dex+3 Slay+3}
rPois   +          Reflect  .   P - +2 hat
rElec   .          Harm     .   S - +1 cloak
rCorr   .          Rampage  .   t - +2 pair of gloves
Will    +....                   l - +2 pair of boots
Stlth   ..........              E - amulet of regeneration
HPRegen 1.04/turn               B - +6 ring of strength
MPRegen 0.19/turn               q - +4 ring of evasion

@: no status effects
A: subdued magic 1
a: Renounce Religion, Draw Escape, Draw Destruction, Draw Summoning, Triple
Draw, Deal Four, Stack Five


You were on level 11 of the Dungeon.
You worshipped Nemelex Xobeh.
Nemelex Xobeh was exalted by your worship.
You visited 3 branches of the dungeon, and saw 18 of its levels.
You also visited: Gauntlet and Volcano.

You collected 1656 gold pieces.
You spent 243 gold pieces at shops.

Inventory:

Hand Weapons
 a - a +7 fustibalus of chaos (weapon)
Missiles
 f - 2 throwing nets
 g - 26 poisoned darts
 n - 235 stones (quivered ammo)
 A - 117 sling bullets
Armour
 l - a +2 pair of boots (worn)
 m - a +4 plate armour of fire resistance
 s - a +0 helmet
 t - a +2 pair of gloves (worn)
 F - the +4 chain mail of the Armadillo (worn) {rPois Int-4 Dex+3 Slay+3}
   (You found it on level 7 of the Dungeon)

   Int:       It affects your intelligence (-4).
   Dex:       It affects your dexterity (+3).
   Slay:      It affects your accuracy & damage with ranged weapons and melee
   (+3).
   rPois:     It protects you from poison.
 N - +0 storm dragon scales
 P - a +2 hat (worn)
 Q - the +7 ice dragon scales of the Okapi {+Blink rF- rC++ rCorr Str-5 Stlth+}
   (You took it off a minotaur in a Gauntlet)

   Str:       It affects your strength (-5).
   rF:        It makes you vulnerable to fire.
   rC:        It greatly protects you from cold.
   +Blink:    It lets you blink.
   rCorr:     It protects you from acid and corrosion.
   Stlth:     It makes you more stealthy.
 S - a +1 cloak (worn)
Jewellery
 b - an amulet of guardian spirit
 q - a +4 ring of evasion (right hand)
 y - a ring of protection from fire
 B - a +6 ring of strength (left hand)
 D - a ring of poison resistance
 E - an amulet of regeneration (around neck)
 M - the ring of Enat {Wiz Fly Will+}
   (You took it off a minotaur in a Gauntlet)

   [ring of wizardry]

   It improves your spell success rate.
   Fly:       It grants you flight.
   Will:      It increases your willpower.
 X - a ring of wizardry
Wands
 c - a wand of flame (36)
 d - a wand of charming (2)
 h - a wand of digging (18)
 r - a wand of acid (12)
 H - a wand of iceblast (8)
 U - a wand of mindburst (13)
Scrolls
 k - 2 scrolls of blinking
 p - 3 scrolls of summoning
 v - a scroll of acquirement
 w - 8 scrolls of teleportation
 I - a scroll of immolation
 R - 2 scrolls of magic mapping
 T - 2 scrolls of identify
 V - 2 scrolls of fear
 W - a scroll of amnesia
Potions
 i - 13 potions of curing
 j - 2 potions of berserk rage
 o - 4 potions of lignification
 u - 6 potions of haste
 x - a potion of cancellation
 z - 5 potions of brilliance
 C - a potion of attraction
 G - 2 potions of mutation
 J - 2 potions of heal wounds
 K - 2 potions of might
 L - a potion of resistance
 O - a potion of invisibility
 Z - a potion of flight {unknown}
Miscellaneous
 e - a piece from Xom's chessboard (15/15)
 Y - a condenser vane


   Skills:
 - Level 8.7 Fighting
 - Level 14.0 Slings
 + Level 9.7 Armour
 - Level 2.4 Dodging
 - Level 1.2 Stealth
 - Level 12.0 Invocations
 - Level 5.9 Evocations


You had 13 spell levels left.
You didn't know any spells.
Your spell library contained the following spells:

 Spells                   Type           Power      Damage    Failure   Level
 Beastly Appendage        Tmut           0%         N/A       90%         1
 Corpse Rot               Necr/Air       0%         N/A       97%         2
 Poisonous Vapours        Pois/Air       0%         N/A       97%         2
 Sublimation of Blood     Necr           0%         N/A       97%         2
 Wereblood                Tmut           0%         N/A       97%         2
 Gell's Gravitas          Tloc           0%         N/A       99%         3
 Ignite Poison            Fire/Tmut/Pois 0%         N/A       99%         3
 Lesser Beckoning         Tloc           0%         N/A       99%         3
 Mephitic Cloud           Conj/Pois/Air  0%         N/A       99%         3
 Ozocubu's Armour         Ice            0%         N/A       99%         3
 Portal Projectile        Hex/Tloc       0%         N/A       99%         3
 Spider Form              Tmut/Pois      0%         N/A       99%         3
 Stone Arrow              Conj/Erth      0%         3d7       99%         3
 Teleport Other           Tloc           0%         N/A       99%         3
 Tukima's Dance           Hex            0%         N/A       99%         3
 Animate Armour           Summ/Erth      0%         N/A       100%        4
 Animate Dead             Necr           0%         N/A       100%        4
 Iskenderun's Mystic Bla  Conj/Tloc      0%         2d3       100%        4
 Passage of Golubria      Tloc           0%         N/A       100%        4
 Petrify                  Tmut/Erth      0%         N/A       100%        4
 Summon Ice Beast         Ice/Summ       0%         N/A       100%        4
 Borgnjor's Vile Clutch   Necr/Erth      0%         N/A       100%        5
 Fireball                 Conj/Fire      0%         3d3       100%        5
 Freezing Cloud           Conj/Ice/Air   0%         6-21      100%        5
 Irradiate                Conj/Tmut      0%         3d13      100%        5
 Summon Mana Viper        Hex/Summ       0%         N/A       100%        5
 Yara's Violent Unravell  Hex/Tmut       0%         3d3       100%        5
 Death Channel            Necr           0%         N/A       100%        6
 Starburst                Conj/Fire      0%         6d3       100%        6
 Monstrous Menagerie      Summ           0%         N/A       100%        7
 Ozocubu's Refrigeration  Ice            0%         4d5       100%        7
 Summon Hydra             Summ           0%         N/A       100%        7
 Ignition                 Fire           0%         3d3       100%        8
 Lehudib's Crystal Spear  Conj/Erth      0%         10d2      100%        8


Dungeon Overview and Level Annotations

Branches:
Dungeon (11/15)            Temple (1/1) D:4            Lair (6/6) D:10
  Swamp (0/4) Lair:3        Snake (0/4) Lair:3        Slime (0/5) Lair:6
    Orc (0/2) D:9         Volcano (visited)         Gauntlet (visited)

Altars:
Ashenzari
Cheibriados
Dithmenos
Elyvilon
Fedhas
Gozag
Hepliaklqana
Kikubaaqudgha
Makhleb
Nemelex Xobeh
Okawaru
Qazlal
Ru
Sif Muna
Trog
Uskayaw
Vehumet
Wu Jian
Xom
Yredelemnul
Zin
The Shining One
Jiyva

Shops:
D:5 *

Annotations:
D:4 Duvessa


Innate Abilities, Weirdness & Mutations

Your spells are a little easier to cast, but a little less powerful.


Message History

Unknown command.
You shoot a stone. The stone hits the slime creature!!
Lightning courses through the slime creature!
You kill the slime creature!
Unknown command.
You shoot a stone.
The stone hits the enormous slime creature!
The enormous slime creature resists with almost no effort.
The enormous slime creature is heavily wounded.
The enormous slime creature is no longer paralysed.
You shoot a stone.
The stone hits the enormous slime creature!
The enormous slime creature is heavily wounded.
You shoot a stone.
The stone hits the enormous slime creature.
The enormous slime creature is heavily wounded.
You shoot a stone.
The stone hits the enormous slime creature.
The stone burns the enormous slime creature.
The enormous slime creature is heavily wounded.
The enormous slime creature is no longer petrified.
You shoot a stone.
The stone hits the enormous slime creature!
The enormous slime creature is heavily wounded.
You shoot a stone.
The stone hits the enormous slime creature!
The enormous slime creature is heavily wounded.
Unknown command.
You shoot a stone.
The stone hits the enormous slime creature!
The enormous slime creature resists with almost no effort.
The enormous slime creature is severely wounded.
You shoot a stone.
The stone hits the enormous slime creature!!
The enormous slime creature goes berserk!
The enormous slime creature is severely wounded.
The enormous slime creature hits you!! The enormous slime creature hits you!!!
Ouch! That really hurt!
You die...
Your body glows with a rainbow of weird colours and disappears.

#......# ##.....##
####.### ##...## .J. #.#
##'## ... #.# #.# .. #.#
#.##### g. #.#
####)...)# J# #.#
#........# (# #.#
#........#######(#
#.#####.#..@J((((......#
#...........#..#########
#######.##..#..#
#.##..#..# #.##.....#
#.......## #########


You could see an enormous slime creature (berserk).

Vanquished Creatures
  A minotaur (Gauntlet)
  The ghost of Esekla the Carver, a journeyman BaCK of Gozag (Lair:3)
  5 hydras
  A boulder beetle (D:11)
  A dancing weapon (Volcano)
  9 death yaks (Lair:6)
  2 wizards (Volcano)
  An orange crystal statue (Lair:6)
  2 lindwurms
  An ugly thing (Gauntlet)
  A centaur zombie (D:11)
  5 elephants (Lair:4)
  A cyclops (D:9)
  A torpor snail (Lair:6)
  A black mamba (Lair:6)
  Joseph (D:8)
  Maggie (D:7)
  2 toenail golems (Volcano)
  2 gargoyles
  17 cane toads
  7 komodo dragons
  3 tyrant leeches (Lair:6)
  Grinder (D:4)
  A polar bear (Lair:6)
  Prince Ribbit (D:6)
  A hornet (D:11)
  2 slime creatures (D:11)
  38 blink frogs
  6 dream sheep (Lair:4)
  5 flying skulls (Gauntlet)
  A vampire (D:10)
  20 yaks
  4 wyverns
  Sigmund (D:4)
  5 basilisks
  4 vampire mosquitoes (Lair:6)
  A chaos spawn (Gauntlet)
  A neqoxec (Gauntlet)
  A steam dragon (D:8)
  A warg (D:9)
  A naga (Lair:3)
  23 water moccasins
  A black bear (D:4)
  2 ice beasts
  A sky beast (D:6)
  3 orc warriors
  6 necrophages
  3 ogres
  6 centaurs
  23 wolves
  2 phantoms
  2 kobold brigands
  16 bullfrogs
  Blork the orc (D:6)
  A gnoll sergeant (D:7)
  A wyvern zombie (D:7)
  4 scorpions
  A wyvern skeleton (D:4)
  Dowan (D:5)
  A water moccasin skeleton (D:4)
  13 killer bees
  5 wights (D:6)
  3 electric eels
  2 howler monkeys
  4 lava snakes (Lair:6)
  A bullfrog zombie (D:6)
  3 hounds (D:4)
  2 jellies
  9 orc priests
  2 bullfrog skeletons
  2 centaur skeletons (D:6)
  A gnoll shaman (D:4)
  2 scorpion zombies (D:5)
  4 iguanas
  9 orc wizards
  Natasha (D:2)
  Terence (D:2)
  A killer bee zombie (D:9)
  Robin (D:2)
  11 gnolls
  A howler monkey skeleton (D:7)
  5 adders
  2 shadow imps (D:8)
  An ufetubus (D:4)
  A worm (D:2)
  2 dart slugs (D:4)
  31 orcs
  8 endoplasms
  4 giant cockroaches
  20 goblins
  10 hobgoblins
  5 jackals
  2 quokkas
  12 ball pythons
  9 bats
  A frilled lizard (D:3)
  19 kobolds
  10 rats
479 creatures vanquished.

Vanquished Creatures (collateral kills)
  A goliath frog (Lair:6)
  A vampire mosquito (Lair:6)
  An ice beast (D:5)
  An ogre (D:4)
  A wolf (Lair:6)
  2 bullfrogs (Lair:6)
  A killer bee (D:8)
  A hound (D:5)
9 creatures vanquished.

Vanquished Creatures (others)
  A troll (D:7)
  A necrophage (D:6)
  2 orc wizards
  An adder (D:4)
  58 fungi
  117 plants
  14 withered plants (Gauntlet)
194 creatures vanquished.

Grand Total: 682 creatures vanquished

Notes
Turn   | Place    | Note
-------+----------+-------------------------------------------
     0 | D:1      | SnakkuSnakku7 the Deep Elf Artificer began the quest for
                  | the Orb.
     0 | D:1      | Reached XP level 1. HP: 11/11 MP: 3/3
   358 | D:1      | Found a faded altar of an unknown god.
   642 | D:1      | Reached XP level 2. HP: 16/16 MP: 4/4
  1605 | D:1      | Reached XP level 3. HP: 20/20 MP: 5/5
  2343 | D:2      | Noticed Robin
  2401 | D:2      | Killed Robin
  2743 | D:2      | Reached skill level 5 in Evocations
  2747 | D:2      | Reached skill level 1 in Slings
  2803 | D:2      | Found an ornate altar of the Wu Jian Council.
  2805 | D:2      | Noticed Terence
  2814 | D:2      | Killed Terence
  2815 | D:2      | Reached XP level 4. HP: 19/24 MP: 6/6
  3246 | D:2      | Noticed Natasha
  3251 | D:2      | Killed Natasha
  3425 | D:2      | Reached XP level 5. HP: 28/28 MP: 7/7
  3522 | D:3      | Reached skill level 2 in Slings
  4346 | D:3      | You fall into a shaft and drop 2 floors!
  4346 | D:5      | Entered Level 5 of the Dungeon
  4375 | D:5      | Noticed a water moccasin
  4378 | D:5      | Killed a water moccasin
  4379 | D:5      | Reached skill level 3 in Slings
  4379 | D:5      | Reached XP level 6. HP: 33/33 MP: 8/8
  4406 | D:5      | Found Vefoyb's Assorted Antiques.
  4412 | D:5      | Bought a scroll labelled QOWEAS JEBIH for 27 gold pieces
  4412 | D:5      | Bought a scroll labelled NAQYAWEVAA for 27 gold pieces
  4412 | D:5      | Bought a scroll labelled UJEBRI YMU for 27 gold pieces
  4412 | D:5      | Bought a scroll labelled COFOEH CIDA for 27 gold pieces
  4476 | D:4      | Noticed Grinder
  4493 | D:4      | Killed Grinder
  4494 | D:4      | Reached skill level 4 in Slings
  4494 | D:4      | Reached XP level 7. HP: 20/37 MP: 9/9
  4517 | D:4      | Reached skill level 5 in Slings
  5041 | D:4      | Noticed Sigmund
  5254 | D:4      | Killed Sigmund
  5255 | D:4      | Reached skill level 6 in Slings
  5411 | D:4      | Reached XP level 8. HP: 42/42 MP: 10/10
  5554 | D:4      | Reached skill level 7 in Slings
  6213 | D:4      | Reached skill level 8 in Slings
  6223 | D:4      | Found a staircase to the Ecumenical Temple.
  6234 | Temple   | Entered the Ecumenical Temple
  6256 | Temple   | Became a worshipper of Nemelex Xobeh the Trickster
  6496 | D:5      | Noticed Duvessa
  6501 | D:5      | Noticed Dowan
  6777 | D:5      | Found a glowing golden altar of the Shining One.
  6829 | D:5      | Killed Dowan
  6883 | D:5      | Found a basalt altar of Yredelemnul.
  6884 | D:5      | Found a shimmering blue altar of Sif Muna.
  6886 | D:5      | Found a snail-covered altar of Cheibriados.
  7103 | D:5      | Reached skill level 9 in Slings
  7131 | D:5      | Reached XP level 9. HP: 46/46 MP: 11/11
  8052 | D:6      | Found a stormy altar of Qazlal.
  8054 | D:6      | Found a shimmering altar of Xom.
  8074 | D:6      | Reached skill level 10 in Slings
  8252 | D:6      | Noticed Blork the orc
  8257 | D:6      | Reached * piety under Nemelex Xobeh
  8295 | D:6      | Killed Blork the orc
  8515 | D:6      | Noticed Prince Ribbit
  8552 | D:6      | Killed Prince Ribbit
  8553 | D:6      | Reached skill level 11 in Slings
  8619 | D:6      | Received a gift from Nemelex Xobeh
  9471 | D:5      | Bought a notched glass ring for 135 gold pieces
  9566 | D:7      | Reached XP level 10. HP: 23/51 MP: 12/12
  9857 | D:7      | Noticed Maggie
 10044 | D:7      | Found a hazy altar of Hepliaklqana.
 10065 | D:7      | Identified the +2 robe of an ossuary {Str+5}
 10108 | D:7      | Noticed an eight-headed hydra
 10288 | D:7      | Killed an eight-headed hydra
 10289 | D:7      | Reached skill level 12 in Slings
 10289 | D:7      | Reached skill level 1 in Fighting
 10511 | D:7      | Killed Maggie
 10541 | D:7      | Identified the +4 chain mail of the Armadillo {rPois Int-4
                  | Dex+3 Slay+3}
 10958 | D:8      | Found a shadowy altar of Dithmenos.
 10996 | D:8      | Reached ** piety under Nemelex Xobeh
 10996 | D:8      | Noticed Joseph
 11022 | D:8      | Killed Joseph
 11595 | D:9      | Reached skill level 5 in Fighting
 11953 | D:9      | Found a staircase to the Orcish Mines.
 12227 | D:9      | Received a gift from Nemelex Xobeh
 12277 | D:9      | Reached *** piety under Nemelex Xobeh
 12360 | D:9      | Noticed a cyclops
 12387 | D:9      | Killed a cyclops
 12549 | D:10     | Entered Level 10 of the Dungeon
 12769 | D:10     | Received a gift from Nemelex Xobeh
 12808 | D:10     | Reached XP level 11. HP: 66/66 MP: 13/13
 12858 | D:10     | Found a bloodstained altar of Trog.
 12906 | D:10     | Noticed a +0 hand axe
 12907 | D:10     | Found a hide-covered altar of Uskayaw.
 12907 | D:10     | Noticed a +0 dagger
 13216 | D:10     | Found a staircase to the Lair.
 13471 | D:10     | Found a burning altar of Makhleb.
 13848 | D:10     | Identified a scroll of acquirement
 13848 | D:10     | Acquired a +4 fustibalus of flaming
 13893 | Lair:1   | Entered Level 1 of the Lair of Beasts
 13985 | Lair:1   | Reached **** piety under Nemelex Xobeh
 13985 | Lair:1   | Received a gift from Nemelex Xobeh
 14217 | Lair:1   | Noticed a five-headed hydra
 14221 | Lair:1   | Killed a five-headed hydra
 14574 | Lair:2   | Reached skill level 13 in Slings
 14621 | Lair:2   | Found a dark tunnel.
 14622 | Lair:2   | Noticed a lindwurm
 14640 | Lair:2   | Killed a lindwurm
 14643 | Volcano  | Entered a volcano
 14649 | Volcano  | Noticed a wizard
 14653 | Volcano  | Killed a wizard
 14668 | Volcano  | Noticed a wizard
 14677 | Volcano  | Killed a wizard
 14718 | Volcano  | Noticed a +0 mace of flaming
 14741 | Volcano  | Killed a +0 mace of flaming
 14845 | Lair:2   | Reached skill level 14 in Slings
 14866 | Lair:2   | Reached XP level 12. HP: 73/73 MP: 14/14
 14894 | Lair:2   | Found a gate leading to a gauntlet.
 14917 | Gauntlet | Entered a Gauntlet
 14917 | Gauntlet | Found a transporter.
 14926 | Gauntlet | Found a transporter.
 14928 | Gauntlet | Found a transporter.
 14930 | Gauntlet | Found a transporter.
 14943 | Gauntlet | Found a transporter.
 14960 | Gauntlet | Found a transporter.
 14962 | Gauntlet | Received a gift from Nemelex Xobeh
 14965 | Gauntlet | Found a transporter.
 14966 | Gauntlet | Noticed a great orb of eyes
 14980 | Gauntlet | Found a transporter.
 15000 | Gauntlet | Found a transporter.
 15012 | Gauntlet | Found a transporter.
 15024 | Gauntlet | Found a transporter.
 15025 | Gauntlet | Noticed a green death
 15027 | Gauntlet | Noticed a blizzard demon
 15036 | Gauntlet | Found a transporter.
 15048 | Gauntlet | Found a transporter.
 15065 | Gauntlet | Found a transporter.
 15082 | Gauntlet | Found a transporter.
 15084 | Gauntlet | Found a transporter.
 15112 | Gauntlet | Found a transporter.
 15114 | Gauntlet | Found a transporter.
 15198 | Gauntlet | Gained mutation: Your spells are a little easier to cast,
                  | but a little less powerful. [a neqoxec]
 15240 | Gauntlet | Identified the -5 pair of gloves "Gitti" {rCorr Int+3}
 15298 | Gauntlet | Identified the +7 ice dragon scales of the Okapi {+Blink
                  | rF- rC++ rCorr Str-5 Stlth+}
 15298 | Gauntlet | Identified the ring of Enat {Wiz Fly Will+}
 15298 | Gauntlet | Noticed a minotaur
 15312 | Gauntlet | Killed a minotaur
 15329 | Gauntlet | Got the Incunabulum of the Voyage
 15522 | Lair:2   | Reached ***** piety under Nemelex Xobeh
 15597 | Lair:2   | Received a gift from Nemelex Xobeh
 15730 | Lair:2   | Reached skill level 5 in Invocations
 15844 | Lair:2   | Received a gift from Nemelex Xobeh
 16190 | Lair:3   | Found a staircase to the Swamp.
 16338 | Lair:3   | Found a runed translucent door.
 16341 | Lair:3   | Noticed Esekla's ghost (journeyman BaCK)
 16494 | Lair:3   | Found a staircase to the Snake Pit.
 16602 | Lair:3   | Received a gift from Nemelex Xobeh
 16936 | Lair:3   | Killed Esekla's ghost
 17421 | Lair:4   | Received a gift from Nemelex Xobeh
 17492 | Lair:4   | Reached skill level 10 in Invocations
 17520 | Lair:4   | Reached XP level 13. HP: 56/79 MP: 22/22
 17576 | Lair:4   | You fall into a shaft and drop 2 floors!
 17576 | Lair:6   | Entered Level 6 of the Lair of Beasts
 17814 | Lair:6   | Reached skill level 1 in Armour
 18015 | Lair:6   | Found a staircase to the Slime Pits.
 18017 | Lair:6   | Found a viscous altar of Jiyva.
 18228 | Lair:6   | Received a gift from Nemelex Xobeh
 18299 | Lair:6   | Reached skill level 5 in Armour
 18929 | Lair:6   | Reached XP level 14. HP: 62/84 MP: 25/25
 19436 | Lair:6   | Received a gift from Nemelex Xobeh
 20094 | Lair:5   | Reached ****** piety under Nemelex Xobeh
 20189 | Lair:5   | Received a gift from Nemelex Xobeh
 20436 | Lair:5   | Received a gift from Nemelex Xobeh
 20736 | Lair:5   | Received a gift from Nemelex Xobeh
 21738 | D:11     | Received a gift from Nemelex Xobeh
 22016 | D:11     | Received a gift from Nemelex Xobeh
 22174 | D:11     | Mangled by an enormous slime creature

Illustrated notes

Levels and vault maps discovered:
D:1:      eino_arrival_cavern_d, layout_rooms,
          ebering_ecumenical_altar_sacrificial, chequers_serial_rivers_marsh,
          st_stairs_9
D:2:      minmay_inner_zag, layout_loops_corners, basic_altar,
          serial_bayou_pond_e, feat_on_display, uniq_robin, uniq_natasha,
          uniq_terence
D:3:      layout_basic, serial_bayou_crossing
D:4:      old_forge, layout_basic, temple_hall, serial_rivers,
          chequers_serial_rivers_room_a, chequers_serial_rivers_small_3,
          chequers_serial_rivers_large_a, chequers_serial_rivers_room_b,
          grunt_ministairs_14, uniq_grinder, uniq_sigmund
D:5:      layout_basic, lemuel_coloured_pillars_altar,
          gammafunk_temple_overflow_forgotten, minmay_shop_grid_forest,
          uniq_duvessa
D:6:      layout_loops_cross, nicolae_overflow_squiral,
          hangedman_abyss_or_decor_passed, chequers_serial_rivers_large_b,
          amcnicky_mini_pool_medium, uniq_blork_the_orc, uniq_prince_ribbit1
D:7:      minmay_cornered_nines, layout_loops_ring, amcnicky_altar_gilded,
          uniq_maggie
D:8:      layout_rooms, nicolae_overflow_hidden_temple, solitary_fountain,
          minmay_misc_feat_tower, uniq_joseph
D:9:      layout_cave_pods, erik_orc_4
D:10:     layout_layer_cave, bloody_trog, lightli_temple_of_fire,
          dancing_weapons_uskayaw, david_lair_generic, minivault_27,
          kennysheep_flooded_box
D:11:     layout_loops_corners
Temple:   chequers_temple_sunken
Lair:1:   layout_misc_corridors
Lair:2:   layout_cave_pods, gauntlet_entry_generic,
          nicolae_volcano_entry_vermiform
Lair:3:   layout_loops_ring, swamp_mist_pool, guppyfry_snake_entry_garden,
          ebering_ghost_reflecting_pool, serial_bayou_shore_b
Lair:4:   layout_regular_city, roderic_carrion_pond
Lair:5:   layout_layer_cave, infiniplex_staircase_pool, grunt_megastairs_5,
          serial_bayou_shore_b
Lair:6:   minmay_lair_end_frog_pond, layout_cave_pods, slime_altar_1,
          disabler_island

Skill      XL: |  1  2  3  4  5  6  7  8  9 10 11 12 13 14 |
---------------+-------------------------------------------+-----
Evocations     | 4 5 |  5.9
Slings         | 1 3 4 6 9 11 12 14 | 14.0
Fighting       | 6 7 8 |  8.7
Invocations    | 10 12 | 12.0
Armour         | 8 9 |  9.7
Dodging        | |  2.4
Stealth        | |  1.2

Action                   |  1- 3 |  4- 6 |  7- 9 | 10-12 | 13-15 || total
-------------------------+-------+-------+-------+-------+-------++-------
Melee: Short sword       |    45 |       |       |       |       ||    45
       Club              |     8 |       |       |       |       ||     8
       Punch             |     1 |       |       |       |       ||     1
       Dagger            |    33 |       |       |       |       ||    33
       Hunting sling     |       |       |     1 |     4 |       ||     5
       Fustibalus        |       |       |       |       |     1 ||     1
 Fire: Hunting sling     |    41 |   124 |   476 |   363 |       ||  1004
       Fustibalus        |       |       |       |   458 |   649 ||  1107
Invok: Draw Summoning    |       |       |       |       |     1 ||     1
Evoke: Wand              |     5 |     3 |    14 |     6 |       ||    28
       Piece from Xom's  |       |       |     1 |       |       ||     1
  Use: Scroll            |       |       |    15 |    10 |    11 ||    36
       Potion            |       |       |     1 |     1 |       ||     2
Armor: Leather armour    |    27 |       |       |       |       ||    27
       Animal skin       |     1 |     6 |       |       |       ||     7
       Ring mail         |       |     7 |    47 |    11 |       ||    65
       Chain mail        |       |       |       |   164 |   125 ||   289
Dodge: Dodged            |    69 |    22 |   102 |   146 |   110 ||   449
